 Dungeon Crawl Stone Soup version 0.24.0-123-gd5b16e6ec5 (webtiles) character file.

Game seed: 9754779145717935081, levelgen mode: deterministic

87 DroneSA the Cudgeler (level 4, -2/40 HPs)
             Began as a Draconian Berserker on Jan 8, 2020.
             Was a Believer of Trog.
             Slain by a gnoll
             ... wielding a +0 flail
              (3 damage)
             ... on level 3 of the Dungeon.
             The game lasted 00:08:39 (2287 turns).

DroneSA the Cudgeler (Draconian Berserker)          Turns: 2287, Time: 00:08:40

Health: -2/40      AC:  6    Str: 20    XL:     4   Next: 28%
Magic:  4/4        EV: 13    Int:  7    God:    Trog [**....]
Gold:   75         SH:  0    Dex: 11    Spells: 3/3 levels left

rFire    . . .     SeeInvis .   a - +1 mace
rCold    . . .     Gourm    .   (no shield)
rNeg     . . .     Faith    .   (armour unavailable)
rPois    .         Spirit   .   (helmet restricted)
rElec    .         Reflect  .   (no cloak)
rCorr    .         Harm     .   (no gloves)
MR       .....                  b - +0 pair of boots
Stlth    +.........             (no amulet)
HPRegen  0.13/turn              (no ring)
MPRegen  0.09/turn              (no ring)

@: no status effects
A: unfitting armour, cold-blooded, AC +5
a: Berserk, Trog's Hand, Renounce Religion


You were on level 3 of the Dungeon.
You worshipped Trog.
Trog was pleased with you.
You were not hungry.

You visited 1 branch of the dungeon, and saw 3 of its levels.

You collected 75 gold pieces.

Inventory:

Hand Weapons
 a - a +1 mace (weapon)
 i - a +0 mace
 m - a +0 spear
 n - a +0 hand axe
Missiles
 c - 19 arrows
 e - 76 stones (quivered)
Armour
 b - a +0 pair of boots (worn)
 g - a +0 ring mail
Scrolls
 h - a scroll of fear
 j - a scroll of remove curse
 o - a scroll of teleportation
Potions
 f - 2 potions of cancellation
Comestibles
 k - a ration


   Skills:
 + Level 3.8 Fighting
 + Level 4.3 Maces & Flails
 + Level 3.2 Dodging
 + Level 0.3 Stealth


You had 3 spell levels left.
You didn't know any spells.
Your spell library was empty.

Dungeon Overview and Level Annotations

Branches:
Dungeon (3/15)

Altars:
Hepliaklqana


Innate Abilities, Weirdness & Mutations

Your plain brown scales are hard. (AC +5)
You cannot fit into any form of body armour.
You are cold-blooded and may be slowed by cold attacks.


Message History

* * * LOW HITPOINT WARNING * * *
The bat hits you but does no damage.
You sock the gnoll!
You kill the gnoll!
Trog accepts your kill. The bat closely misses you. The gnoll misses you.
You hit the gnoll.
The gnoll is lightly wounded.
The bat hits you but does no damage. The gnoll hits you with a +0 flail!
* * * LOW HITPOINT WARNING * * *
You thump the gnoll!
The gnoll is severely wounded.
The bat closely misses you. The bat hits you but does no damage.
The gnoll closely misses you.
You hit the gnoll but do no damage.
The gnoll is severely wounded.
The bat closely misses you. x2; The gnoll hits you.
* * * LOW HITPOINT WARNING * * *
The gnoll hits you with a +0 flail.
You die...

#. ..# .# #.# ##.##.#
.# #.# ##...#.# .##
##)## #......#
#>###...######......
##...........#.....
###.#...####.##...
##.....####.##gg#
##...†..<......b@#
........####.##..##
##..)...# #. ##..#
........# #.# #.#....#
##....#####.#.##.####.#
#.........# #........#
#....†...## ##.#######
##.#.#...#.###.##
...#......#.#.##


You could see 2 gnolls and a bat.

Vanquished Creatures
  A gnoll (D:3)
  2 adders
  2 worms
  2 dart slugs
  A leopard gecko (D:1)
  2 orcs (D:3)
  3 bats
  3 giant cockroaches (D:2)
  5 hobgoblins
  4 jackals (D:1)
  2 quokkas
  A ball python (D:2)
  2 frilled lizards
  5 goblins
  4 kobolds
  8 rats
47 creatures vanquished.

Notes
Turn   | Place    | Note
-------+----------+-------------------------------------------
     0 | D:1      | DroneSA the Draconian Berserker began the quest for the
                  | Orb.
     0 | D:1      | Reached XP level 1. HP: 19/19 MP: 1/1
   185 | D:1      | Reached XP level 2. HP: 25/26 MP: 2/2
  1339 | D:2      | Found a hazy altar of Hepliaklqana.
  1423 | D:2      | Reached XP level 3. HP: 33/33 MP: 3/3
  1931 | D:2      | Reached ** piety under Trog
  2215 | D:3      | Reached skill level 4 in Maces & Flails
  2229 | D:3      | Reached XP level 4. HP: 16/40 MP: 4/4
  2287 | D:3      | HP: 1/40 [gnoll (2)]
  2287 | D:3      | Slain by a gnoll

Levels and vault maps discovered:
D:1:      dpeg_arrival_rhombus, layout_basic
D:2:      layout_basic, lemuel_crystal_altar
D:3:      layout_loops_ring

Skill      XL: |  1  2  3 |
---------------+----------+-----
Dodging        | 3 |  3.2
Maces & Flails | 4 |  4.3
Fighting       | |  3.8
Stealth        | |  0.3

Action                   |  1- 3 |  4- 6 || total
-------------------------+-------+-------++-------
Melee: Mace              |   147 |    10 ||   157
       Tailslap          |    12 |       ||    12
  Use: Potion            |     3 |       ||     3
       Scroll            |     5 |       ||     5
  Eat: Ration            |     2 |       ||     2
Armor: Skin              |    47 |     4 ||    51
Dodge: Dodged            |    98 |    10 ||   108
